 Dungeon Crawl Stone Soup version 0.20-a0-983-g35de22d (webtiles) character file.

517 Murumi the Covert (level 7, -1/60 HPs)
             Began as a Naga Enchanter on Apr 9, 2017.
             Slain by endorz's ghost (16 damage)
             ... on level 4 of the Dungeon on Apr 10, 2017.
             The game lasted 00:21:05 (4460 turns).

Murumi the Covert (Naga Enchanter)                  Turns: 4460, Time: 00:21:06

Health: -1/60      AC:  4    Str: 10    XL:     7   Next: 20%
Magic:  10/10      EV: 10    Int: 15    God:
Gold:   197        SH:  0    Dex: 14    Spells: 9/10 levels left

rFire    . . .     SeeInvis +   l - +2 dagger (freeze)
rCold    . . .     Gourm    .   (no shield)
rNeg     . . .     Faith    .   b - +0 robe
rPois    +         Spirit   .   r - +0 helmet (curse)
rElec    .         Reflect  .   (no cloak)
rCorr    .         Harm     .   (no gloves)
MR       .....                  (no barding)
Stlth    +++++.....             (no amulet)
Regen    0.2/turn               (no ring)
MPRegen  0.2/turn               (no ring)

@: short of breath, hasted (expiring), quick
A: see invisible, deformed body, poison resistance, slowness 2, slow metabolism
1, spit poison 1, AC +2
a: Spit Poison


You were on level 4 of the Dungeon.
You were not hungry.

You visited 1 branch of the dungeon, and saw 4 of its levels.

You collected 197 gold pieces.

Inventory:

Hand Weapons
 l - a +2 dagger of freezing (weapon)
Armour
 b - a +0 robe (worn)
 r - a cursed +0 helmet (worn)
Scrolls
 f - a scroll of enchant weapon
 g - 3 scrolls of remove curse
 h - 2 scrolls of blinking
 i - a scroll of identify
 m - a scroll of fear
Potions
 e - a potion of heal wounds
 j - 2 potions of resistance
 k - a potion of brilliance
Books
 c - a book of Maledictions

   Spells                             Type                      Level
   a - Corona                         Hexes                        1
   b - Ensorcelled Hibernation        Hexes/Ice                    2
   c - Confuse                        Hexes                        3
   d - Tukima's Dance                 Hexes                        3
   e - Dazzling Spray                 Conjuration/Hexes            3
Comestibles
 a - 3 meat rations
 d - a bread ration
 n - 2 royal jellies
 o - 4 fruits
 s - a chunk of flesh


   Skills:
 - Level 2.0 Fighting
 - Level 2.0 Short Blades
 - Level 2.0 Dodging
 + Level 11.0 Stealth
 - Level 2.0 Spellcasting
 - Level 3.0 Hexes


You had 9 spell levels left.
You knew the following spells:

 Your Spells              Type           Power        Failure   Level  Hunger
a - Corona                Hex            ##.....      8%          1    #......


Dungeon Overview and Level Annotations

Branches:
Dungeon (4/15)
 Temple: D:4-7

Altars:

Annotations:
D:4 endorz's ghost, amateur MiFi


Innate Abilities, Weirdness & Mutations

You cannot wear boots.
Your serpentine skin is tough. (AC +2)
You have supernaturally acute eyesight. (SInv)
Armour fits poorly on your strangely shaped body.
Your system is resistant to poisons. (rPois)
You cover ground very slowly.
You have a slow metabolism.
You can spit poison.


Message History

Endorz's ghost is severely damaged.
Endorz's ghost hits you.
* * * LOW HITPOINT WARNING * * *
You hit endorz's ghost but do no damage.
Endorz's ghost is severely damaged.
You hit endorz's ghost but do no damage.
Endorz's ghost is severely damaged.
Endorz's ghost hits you.
* * * LOW HITPOINT WARNING * * *
You hit endorz's ghost but do no damage.
Endorz's ghost is severely damaged.
You hit endorz's ghost.
Endorz's ghost is severely damaged.
Your extra speed is starting to run out.
Endorz's ghost hits you.
* * * LOW HITPOINT WARNING * * *
You hit endorz's ghost.
Endorz's ghost is almost destroyed.
Endorz's ghost hits you!
You die...

.# .# .# .# #### .#
#..♣♣♣♣♣♣♣♣.#
########.♣≈PP♣♣≈≈♣P#
#..$@WO.≈≈P≈P≈≈≈≈≈♣♣#
#.####...≈≈≈.≈≈≈≈≈≈♣≈
#........≈.≈≈≈≈P
#.............).
♣P≈≈.........≈..
♣≈≈≈P≈≈PP≈♣≈≈.≈.P.
♣P≈≈≈P≈≈≈≈P≈≈≈≈P≈≈.
#≈≈≈P≈≈≈≈≈≈≈≈≈≈≈P##
..OP≈♣≈≈≈≈≈≈≈P≈≈≈##


You could see an ogre and endorz's ghost.

Vanquished Creatures
  The ghost of Murumi the Covert, an amateur NaEn (D:3)
  A scorpion (D:4)
  3 hounds (D:4)
  An orc priest (D:4)
  A worker ant (D:4)
  3 gnolls
  7 adders
  An ooze (D:4)
  3 worms
  3 dart slugs
  2 leopard geckos (D:2)
  7 orcs
  4 ball pythons
  A giant cockroach (D:1)
  5 goblins
  3 hobgoblins
  7 jackals
  6 kobolds
  8 bats
  7 frilled lizards
  10 rats
84 creatures vanquished.

Notes
Turn   | Place    | Note
-------+----------+-------------------------------------------
     0 | D:1      | Murumi the Naga Enchanter began the quest for the Orb.
     0 | D:1      | Reached XP level 1. HP: 15/15 MP: 3/3
   120 | D:1      | Reached skill level 5 in Stealth
   160 | D:1      | Reached XP level 2. HP: 13/24 MP: 5/5
   327 | D:1      | Reached skill level 1 in Fighting
   840 | D:1      | Reached XP level 3. HP: 29/31 MP: 6/6
  1290 | D:2      | Reached skill level 6 in Stealth
  1924 | D:2      | Reached XP level 4. HP: 38/38 MP: 7/7
  2623 | D:3      | Reached skill level 7 in Stealth
  2837 | D:3      | Noticed Murumi's ghost (amateur NaEn)
  3200 | D:3      | Reached XP level 5. HP: 41/44 MP: 8/8
  3256 | D:3      | Killed Murumi's ghost
  3256 | D:3      | Reached skill level 9 in Stealth
  3256 | D:3      | Reached XP level 6. HP: 29/51 MP: 6/9
  3752 | D:4      | Reached skill level 10 in Stealth
  4135 | D:4      | Reached XP level 7. HP: 54/60 MP: 10/10
  4392 | D:4      | Noticed endorz's ghost (amateur MiFi)
  4408 | D:4      | Reached skill level 11 in Stealth
  4460 | D:4      | Slain by endorz's ghost

Vault maps used:
D:1:      tarquinn_simple_flora_water_a
D:2:      minivault_5
D:4:      minmay_temple_entry_statues, serial_bayou_ford_a,
          hangedman_minor_gate_pass

Skill      XL: |  1  2  3  4  5  6  7 |
---------------+----------------------+-----
Stealth        | 5 6 7 9 10 11 | 11.0
Fighting       | 1 2 |  2.0
Dodging        | 2 |  2.0
Short Blades   | 2 |  2.0
Spellcasting   | |  2.0
Hexes          | |  3.0

Action                   |  1- 3 |  4- 6 |  7- 9 || total
-------------------------+-------+-------+-------++-------
Melee: Dagger            |    83 |   103 |    63 ||   249
 Cast: Corona            |     4 |     5 |     3 ||    12
 Abil: Spit Poison       |    18 |    17 |     6 ||    41
  Use: Scroll            |     8 |     4 |       ||    12
       Potion            |       |     2 |     2 ||     4
 Stab: Sleeping          |     8 |    12 |       ||    20
       Distracted        |     1 |     4 |       ||     5
  Eat: Chunk             |     2 |     8 |     1 ||    11
Armor: Robe              |    20 |    17 |     5 ||    42
       Skin              |       |     5 |    17 ||    22
Dodge: Dodged            |    49 |    43 |    15 ||   107
